 Dungeon Crawl Stone Soup version 0.29.1-2-gbd0b4ee654 (webtiles) character file.

Game seed: 15080339098501165855

2512 plokij the Chopper (level 9, -1/79 HPs)
             Began as a Minotaur Fighter on Oct 23, 2022.
             Was an Initiate of the Shining One.
             Succumbed to a gnoll sergeant's poison
             ... on level 7 of the Dungeon.
             The game lasted 00:15:59 (6757 turns).

plokij the Chopper (Minotaur Fighter)               Turns: 6757, Time: 00:15:59

Health: -1/79      AC: 13    Str: 25    XL:     9   Next: 28%
Magic:  8/8        EV: 22    Int:  5    God:    the Shining One [......]
Gold:   346        SH: 10    Dex: 10    Spells: 8/8 levels left

rFire   . . .      SeeInvis .   a - +0 war axe
rCold   . . .      Faith    .   v - +1 kite shield of Juykkeap {Slay+2}
rNeg    . . .      Spirit   .   o - +0 plate armour
rPois   .          Reflect  .   (helmet restricted)
rElec   .          Harm     .   (no cloak)
rCorr   .          Rampage  .   (no gloves)
Will    .....                   (no boots)
Stlth   ..........              y - amulet of the acrobat
HPRegen 0.23/turn               (no ring)
MPRegen 0.11/turn               (no ring)

@: lethally poisoned (-1 -> -11), weak-willed, acrobatic, glowing
A: horns 2, retaliatory headbutt
a: Renounce Religion


You were on level 7 of the Dungeon.
You worshipped the Shining One.
The Shining One was noncommittal.
You visited 2 branches of the dungeon, and saw 8 of its levels.

You collected 346 gold pieces.

Inventory:

Hand Weapons
 a - a +0 war axe (weapon)
 z - a +2 spear
Missiles
 l - a throwing net (quivered)
Armour
 o - a +0 plate armour (worn)
 v - the +1 kite shield of Juykkeap (worn) {Slay+2}
   (You found it on level 4 of the Dungeon)

   Slay:      It affects your accuracy & damage with ranged weapons and melee
   (+2).
Jewellery
 y - an amulet of the acrobat (around neck)
Scrolls
 b - 2 scrolls of butterflies
 e - 3 scrolls of vulnerability
 f - 2 scrolls of noise
 i - a scroll of amnesia
 k - a scroll of enchant weapon {unknown}
 n - 10 scrolls of identify {unknown}
 p - 2 scrolls of teleportation {unknown}
 u - a scroll of summoning {unknown}
 w - a scroll of magic mapping {unknown}
 x - a scroll of blinking {unknown}
 B - a scroll of immolation {unknown}
 C - a scroll of poison {unknown}
 D - a scroll of fear {unknown}
Potions
 c - a potion of curing {unknown}
 d - 6 potions of might
 g - 3 potions of attraction {unknown}
 h - 3 potions of resistance {unknown}
 j - 3 potions of haste {unknown}
 m - a potion of heal wounds {unknown}
 q - a potion of degeneration {unknown}
 r - a potion of brilliance {unknown}
 s - 2 potions of mutation {unknown}
 t - a potion of flight {unknown}
 A - a potion of lignification {unknown}


   Skills:
 + Level 7.0 Fighting
 * Level 7.4 Axes
 + Level 7.1 Armour
 + Level 7.3 Dodging
 + Level 7.1 Shields


You had 8 spell levels left.
You didn't know any spells.
Your spell library contained the following spells:

 Spells                   Type           Power      Damage    Failure   Level
 Summon Small Mammal      Summ           0%         N/A       100%        1
 Ensorcelled Hibernation  Hex/Ice        0%         N/A       100%        2
 Call Canine Familiar     Summ           0%         N/A       100%        3
 Ozocubu's Armour         Ice            0%         N/A       100%        3
 Spider Form              Tmut/Pois      0%         N/A       100%        3
 Summon Guardian Golem    Hex/Summ       0%         N/A       100%        3
 Anguish                  Hex/Necr       0%         N/A       100%        4
 Metabolic Englaciation   Hex/Ice        0%         N/A       100%        5
 Simulacrum               Ice/Necr       0%         N/A       100%        6


Dungeon Overview and Level Annotations

Branches:
Dungeon (7/15)             Temple (1/1) D:6

Altars:
Cheibriados
Dithmenos
Gozag
Hepliaklqana
Kikubaaqudgha
Makhleb
Nemelex Xobeh
Qazlal
Ru
Sif Muna
Uskayaw
Wu Jian
Xom
Zin
The Shining One

Shops:
D:7 (

Annotations:
D:7 Menkaure


Innate Abilities, Weirdness & Mutations

You have a pair of horns on your head.
You reflexively headbutt those who attack you in melee.


Message History

* * * LOW HITPOINT WARNING * * *
The ice beast hits you but does no damage.
There is an entrance to Minkeapapn's Antique Weapon Emporium here.
As you read the scroll labelled RELAFORUFOIR, it crumbles to dust.
You hear a loud clanging noise!
It was a scroll of noise.
Menkaure hits your butterfly!!
Your butterfly dies!
Your butterfly disappears in a burst of colours!
You block the ice beast's attack. The gnoll sergeant barely misses you.
As you read the scroll labelled UTOUNG EDOD, it crumbles to dust.
It is a scroll of amnesia.
You feel forgetful for a moment. Menkaure closely misses your butterfly.
The ice beast hits you but does no damage.
The gnoll sergeant hits you from afar with a +2 spear of venom.
* * * LOW HITPOINT WARNING * * *
You are lethally poisoned!
Menkaure barely misses your butterfly.
You swap places.
* * * LOW HITPOINT WARNING * * *
You feel very sick.
Menkaure whispers drily.
The ice beast closely misses your butterfly.
The gnoll sergeant hits you from afar with a +2 spear of venom!
The Shining One protects you from harm!
You are more poisoned.
The gnoll hits your butterfly with a +0 club!
Your butterfly dies!
Your butterfly disappears in a burst of colours!
* * * LOW HITPOINT WARNING * * *
You feel very sick.
The gnoll sergeant hits your butterfly with a +2 spear of venom!
Your butterfly dies!
Your butterfly disappears in a burst of colours!
* * * LOW HITPOINT WARNING * * *
You feel very sick.
The gnoll hits your butterfly with a +0 spear!
Your butterfly dies!
Your butterfly disappears in a burst of colours!
The ice beast barely misses your butterfly.
You die...

..#### ##.....##
##....##.# .....#
###.......####....##..
....##
#...............#####.
....##
##<....##......## ##
.##..##
##...#####....#
####..## ##..# ###.##
##..## #..# #.# ##..##
#..# #.# ##..## #.@#
#.# #...# #..# #.#
##..## #..# #.#
##...)## #bb# ###
..#......###Y∩##
............ggbb#
............g..b##
....####..).bbb..#
..## ###...#b.b#


You could see an ice beast (weak-willed, ally target), a gnoll sergeant
(weak-willed, ally target) and 2 gnolls.

Vanquished Creatures
  Pikel (D:6)
  Duvessa (D:7)
  An ice beast (D:6)
  3 black bears
  3 phantoms
  3 kobold brigands
  3 necrophages
  2 scorpions
  5 wights
  Dowan (D:7)
  A howler monkey (D:7)
  2 hounds
  5 jellies
  An orc priest (D:5)
  2 iguanas
  An orc wizard (D:5)
  4 gnolls
  9 adders
  2 white imps
  An ufetubus (D:5)
  3 worms
  A dart slug (D:4)
  16 orcs
  6 bats
  9 endoplasms
  2 giant cockroaches
  10 goblins
  12 hobgoblins
  4 ball pythons
  3 frilled lizards
  20 kobolds
  7 rats
  A spectral kobold (D:4)
145 creatures vanquished.

Notes
Turn   | Place    | Note
-------+----------+-------------------------------------------
     0 | D:1      | plokij the Minotaur Fighter began the quest for the Orb.
     0 | D:1      | Reached XP level 1. HP: 19/19 MP: 0/0
   445 | D:1      | Reached XP level 2. HP: 27/27 MP: 1/1
  1334 | D:2      | Reached XP level 3. HP: 33/33 MP: 2/2
  1371 | D:2      | Reached skill level 1 in Dodging
  1879 | D:3      | Reached XP level 4. HP: 38/40 MP: 3/3
  2139 | D:3      | Noticed a necrophage
  2152 | D:3      | Killed a necrophage
  2153 | D:3      | Reached XP level 5. HP: 40/47 MP: 4/4
  2249 | D:3      | Found a shadowy altar of Dithmenos.
  2665 | D:4      | Noticed a black bear
  2690 | D:4      | Killed a black bear
  3036 | D:4      | Reached XP level 6. HP: 43/53 MP: 5/5
  3162 | D:4      | Reached skill level 5 in Axes
  3235 | D:4      | Reached skill level 5 in Armour
  3235 | D:4      | Reached skill level 5 in Shields
  3388 | D:4      | Reached skill level 5 in Fighting
  3392 | D:4      | Reached XP level 7. HP: 44/61 MP: 6/6
  3632 | D:4      | Identified the +1 kite shield of Juykkeap {Slay+2}
  3741 | D:4      | Found a hazy altar of Hepliaklqana.
  3948 | D:5      | Entered Level 5 of the Dungeon
  4472 | D:5      | Reached XP level 8. HP: 64/70 MP: 7/7
  4482 | D:5      | Reached skill level 5 in Dodging
  4511 | D:5      | Found a shimmering blue altar of Sif Muna.
  5577 | D:6      | Found a staircase to the Ecumenical Temple.
  5597 | Temple   | Entered the Ecumenical Temple
  5995 | Temple   | Became a worshipper of the Shining One
  6519 | D:7      | Noticed Pikel
  6520 | D:7      | Noticed Menkaure
  6532 | D:6      | Killed Pikel
  6533 | D:6      | Reached XP level 9. HP: 68/78 MP: 8/8
  6631 | D:7      | Found Minkeapapn's Antique Weapon Emporium.
  6647 | D:7      | Noticed Duvessa
  6653 | D:7      | Noticed Dowan
  6656 | D:7      | Killed Duvessa
  6664 | D:7      | Killed Dowan
  6754 | D:7      | The Shining One protects you from harm!
  6756 | D:7      | HP: 1/79 [poisoned by a gnoll sergeant]
  6757 | D:7      | Succumbed to a gnoll sergeant's poison

Illustrated notes

Levels and vault maps discovered:
D:1:      eino_arrival_cavern_a, layout_basic, dreamdust_princess_corridor,
          reono_crystal_passage, minmay_cupped
D:2:      layout_loops_ring, st_stairs_6
D:3:      layout_rooms, nicolae_dithmenos_shadow_blocks
D:4:      cheibrodos_thug_alley, layout_basic,
          nicolae_hepliaklqana_monster_ancestors
D:5:      layout_rooms, kennysheep_orc_sif_temple
D:6:      layout_loops_cross, minmay_temple_entry_glass
D:7:      layout_layer_cave, serial_shops, shop, st_stairs_13,
          david_defended_altar_orc, uniq_pikel, uniq_duvessa, uniq_menkaure
Temple:   minmay_temple_forest_path

Skill      XL: |  1  2  3  4  5  6  7  8  9 |
---------------+----------------------------+-----
Axes           | 3 4 5 7 |  7.4
Shields        | 4 5 7 |  7.1
Armour         | 4 5 6 7 |  7.1
Fighting       | 4 5 6 7 |  7.0
Dodging        | 1 2 3 4 7 |  7.3

Action                   |  1- 3 |  4- 6 |  7- 9 || total
-------------------------+-------+-------+-------++-------
Melee: War axe           |    80 |   128 |   184 ||   392
       Headbutt          |     8 |     9 |    30 ||    47
  Use: Scroll            |       |       |     4 ||     4
Armor: Scale mail        |    60 |     7 |       ||    67
       Chain mail        |       |     6 |       ||     6
       Plate armour      |       |    66 |    96 ||   162
Dodge: Dodged            |    34 |    33 |    47 ||   114
Block: Buckler           |    14 |    30 |     9 ||    53
       Kite shield       |       |       |    96 ||    96
